MLB
BOSTON RED SOX @ MONTREAL EXPOS
04/09/2039
 
TOP OF THE 1ST
Boston Red Sox batting - Pitching for Montreal Expos : LHP Omari Blunt
Pitching: LHP Omari Blunt
Batting: LHB Petey Halpin 0-0: Called Strike
0-1: Ball
1-1: Foul Ball, location: 2F
1-2: Ground out U3 (Groundball, 3, EV 81.3 MPH)
Batting: SHB Reginald Preciado 0-0: Foul Ball, location: 3F
0-1: Ball
1-1: Foul Ball, location: 2F
1-2: Ball
2-2: Ground out 5-3 (Groundball, 56, EV 82.5 MPH)
Batting: LHB Tony Ramos 0-0: Foul Ball, location: 2F
0-1: Ball
1-1: Fly out, F9 (Line Drive, 89M, EV 99.4 MPH)
Top of the 1st over - 0 runs, 0 hits, 0 errors, 0 left on base; Boston 0 - Montreal 0
BOTTOM OF THE 1ST
Montreal Expos batting - Pitching for Boston Red Sox : RHP Manny Ochoa
Pitching: RHP Manny Ochoa
Batting: RHB Jonathan de Liz 0-0: Ball
1-0: Foul Ball, location: 23F
1-1: Called Strike
1-2: Strikes out swinging
Batting: LHB Chris Lyle 0-0: Swinging Strike
0-1: Swinging Strike
0-2: DOUBLE (Line Drive, 78D, EV 110.6 MPH)
Batting: LHB Tony Guerra 0-0: Called Strike
0-1: Ball
1-1: Ball
2-1: Ball
3-1: Base on Balls
Batting: LHB Christopher Guzman 0-0: Ball
1-0: Ball
2-0: Ball
3-0: Called Strike
3-1: Swinging Strike
3-2: DOUBLE (Flyball, 8RXD, EV 107.5 MPH)
Chris Lyle scores
Tony Guerra to third
Runner from 3rd tries for Home, SAFE, throw by CF to home
Batting: RHB Jeremy Morris 0-0: Ball
1-0: SINGLE (Groundball, 6MD, EV 80.6 MPH) (infield hit)
Christopher Guzman to third
Batting: SHB Keibert Ruiz 0-0: Foul Ball, location: 2F
0-1: Ball
1-1: Foul Ball, location: 2F
1-2: Strikes out swinging
Batting: RHB Ben Pratt 0-0: Foul Ball, location: 9LMF
0-1: Swinging Strike
0-2: Foul Ball, location: 2F
0-2: Strikes out swinging
Bottom of the 1st over - 2 runs, 3 hits, 0 errors, 2 left on base; Boston 0 - Montreal 2
TOP OF THE 2ND
Boston Red Sox batting - Pitching for Montreal Expos : LHP Omari Blunt
Batting: RHB Vladimir Guerrero Jr. 0-0: Ball
1-0: Swinging Strike
1-1: Foul Ball, location: 2F
1-2: SINGLE (Line Drive, 56D, EV 99.4 MPH)
Batting: RHB Jon Gill 0-0: Called Strike
0-1: DOUBLE (Flyball, 78XD, EV 110.0 MPH)
Vladimir Guerrero Jr. to third
Batting: SHB Ron McCoy 0-0: Ball
1-0: Foul Ball, location: 3DF
1-1: Ball
2-1: Called Strike
2-2: Strikes out swinging
Batting: RHB Jo Adell 0-0: Fly out, F5 (Popup, 5L, EV 72.5 MPH)
Batting: SHB Adael Amador 0-0: Ball
1-0: Swinging Strike
1-1: Foul Ball, location: 2F
1-2: Ball
2-2: Strikes out looking
Top of the 2nd over - 0 runs, 2 hits, 0 errors, 2 left on base; Boston 0 - Montreal 2
BOTTOM OF THE 2ND
Montreal Expos batting - Pitching for Boston Red Sox : RHP Manny Ochoa
Batting: RHB Luis Ledesma 0-0: Foul Ball, location: 2F
0-1: Foul Ball, location: 23F
0-2: Ground out 6-3 (Groundball, 6, EV 81.9 MPH)
Batting: RHB David Arzate 0-0: SINGLE (Line Drive, 8LS, EV 102.5 MPH)
Batting: RHB Jonathan de Liz 0-0: Ball
1-0: Ball
2-0: Ball
3-0: Base on Balls
David Arzate to second
Batting: LHB Chris Lyle 0-0: Called Strike
0-1: Foul Ball, location: 9LSF
0-2: DOUBLE (Flyball, 8RXD, EV 105.0 MPH)
David Arzate scores
Jonathan de Liz to third
Runner from 3rd tries for Home, throw by CF and OUT! 8-4-2
Batting: LHB Tony Guerra 0-0: Swinging Strike
0-1: Hit by Pitch
Batting: LHB Christopher Guzman 0-0: Ball
1-0: Fly out, F7 (Flyball, 7LS, EV 74.4 MPH)
Bottom of the 2nd over - 1 run, 2 hits, 0 errors, 2 left on base; Boston 0 - Montreal 3
TOP OF THE 3RD
Boston Red Sox batting - Pitching for Montreal Expos : LHP Omari Blunt
Batting: LHB Alex Saucedo 0-0: Ball
1-0: Fly out, F7 (Flyball, 7D, EV 107.5 MPH)
Batting: LHB Petey Halpin 0-0: Called Strike
0-1: Called Strike
0-2: Foul Ball, location: 9LDF
0-2: Ball
1-2: Ball
2-2: Strikes out swinging
Batting: SHB Reginald Preciado 0-0: Called Strike
0-1: Swinging Strike
0-2: Foul Ball, location: 2LF
0-2: Strikes out looking
Top of the 3rd over - 0 runs, 0 hits, 0 errors, 0 left on base; Boston 0 - Montreal 3
BOTTOM OF THE 3RD
Montreal Expos batting - Pitching for Boston Red Sox : RHP Manny Ochoa
Batting: RHB Jeremy Morris 0-0: Called Strike
0-1: Called Strike
0-2: Ball
1-2: Ball
2-2: Ball
3-2: Strikes out swinging
Batting: SHB Keibert Ruiz 0-0: Ball
1-0: Ball
2-0: Foul Ball, location: 3F
2-1: SINGLE (Flyball, 8LS, EV 91.3 MPH)
Batting: RHB Ben Pratt 0-0: Ball
1-0: Fielders Choice at 2nd, 2-4 (Groundball, 15S, EV 76.3 MPH)
Batting: RHB Luis Ledesma 0-0: Fielders Choice at 2nd, 5-4 (Groundball, 56, EV 111.3 MPH)
Bottom of the 3rd over - 0 runs, 1 hit, 0 errors, 1 left on base; Boston 0 - Montreal 3
TOP OF THE 4TH
Boston Red Sox batting - Pitching for Montreal Expos : LHP Omari Blunt
Batting: LHB Tony Ramos 0-0: Ground out 4-3 (Groundball, 4, EV 81.9 MPH)
Batting: RHB Vladimir Guerrero Jr. 0-0: Called Strike
0-1: Ball
1-1: Fly out, F7 (Flyball, 7, EV 81.3 MPH)
Batting: RHB Jon Gill 0-0: Called Strike
0-1: Foul Ball, location: 5FF
0-2: Ball
1-2: Foul Ball, location: 9LSFF
1-2: Strikes out swinging
Top of the 4th over - 0 runs, 0 hits, 0 errors, 0 left on base; Boston 0 - Montreal 3
BOTTOM OF THE 4TH
Montreal Expos batting - Pitching for Boston Red Sox : RHP Manny Ochoa
Batting: RHB David Arzate 0-0: Foul Ball, location: 2F
0-1: Ground out 6-3 (Groundball, P, EV 85.0 MPH)
Batting: RHB Jonathan de Liz 0-0: Ball
1-0: Ball
2-0: Ball
3-0: Foul Ball, location: 3SF
3-1: Foul Ball, location: 25FF
3-2: Strikes out swinging
Batting: LHB Chris Lyle 0-0: Ball
1-0: Ball
2-0: Ground out 4-3 (Groundball, 4, EV 104.4 MPH)
Bottom of the 4th over - 0 runs, 0 hits, 0 errors, 0 left on base; Boston 0 - Montreal 3
TOP OF THE 5TH
Boston Red Sox batting - Pitching for Montreal Expos : LHP Omari Blunt
Batting: SHB Ron McCoy 0-0: Ball
1-0: Ball
2-0: Ball
3-0: Base on Balls
Batting: RHB Jo Adell 0-0: Foul Ball, location: 3DF
0-1: Fly out, F7 (Flyball, 78S, EV 95.0 MPH)
Batting: SHB Adael Amador 0-0: Ball
1-0: Called Strike
1-1: Foul Ball, location: 9LDF
1-2: Strikes out swinging
Batting: LHB Alex Saucedo 0-0: Swinging Strike
0-1: Foul Ball, location: 2F
0-2: Ball
1-2: Ball
2-2: Strikes out swinging
Top of the 5th over - 0 runs, 0 hits, 0 errors, 1 left on base; Boston 0 - Montreal 3
BOTTOM OF THE 5TH
Montreal Expos batting - Pitching for Boston Red Sox : RHP Manny Ochoa
Batting: LHB Tony Guerra 0-0: Called Strike
0-1: Swinging Strike
0-2: Foul Ball, location: 9LMF
0-2: Ball
1-2: SOLO HOME RUN (Line Drive, 9D, EV 99.4 MPH), Distance : 391 ft
Batting: LHB Christopher Guzman 0-0: Called Strike
0-1: Called Strike
0-2: Fly out, F7 (Flyball, 78M, EV 87.5 MPH)
Batting: RHB Jeremy Morris 0-0: Called Strike
0-1: Ball
1-1: Ball
2-1: Ball
3-1: Ground out 6-3 (Groundball, 6, EV 93.1 MPH)
Batting: SHB Keibert Ruiz 0-0: Fly out, F6 (Popup, 6MS, EV 65.0 MPH)
Bottom of the 5th over - 1 run, 1 hit, 0 errors, 0 left on base; Boston 0 - Montreal 4
TOP OF THE 6TH
Boston Red Sox batting - Pitching for Montreal Expos : LHP Omari Blunt
Batting: LHB Petey Halpin 0-0: Ball
1-0: Ground out 1-3 (Groundball, 15S, EV 76.3 MPH)
Batting: SHB Reginald Preciado 0-0: Foul Ball, location: 2F
0-1: Ball
1-1: Called Strike
1-2: Fly out, F8 (Flyball, 8LD, EV 107.5 MPH)
Batting: LHB Tony Ramos 0-0: Ball
1-0: Fly out, F7 (Line Drive, 7LS, EV 94.4 MPH)
Top of the 6th over - 0 runs, 0 hits, 0 errors, 0 left on base; Boston 0 - Montreal 4
BOTTOM OF THE 6TH
Montreal Expos batting - Pitching for Boston Red Sox : RHP Manny Ochoa
Batting: RHB Ben Pratt 0-0: Fly out, F9 (Flyball, 9, EV 85.6 MPH)
Batting: RHB Luis Ledesma 0-0: Called Strike
0-1: Ball
1-1: Ball
2-1: Ball
3-1: Swinging Strike
3-2: Foul Ball, location: 2F
3-2: Ground out 4-3 (Groundball, 34, EV 77.5 MPH)
Batting: RHB David Arzate 0-0: Called Strike
0-1: SINGLE (Groundball, 3D, EV 96.3 MPH)
Batting: RHB Jonathan de Liz 0-0: Called Strike
0-1: DOUBLE (Flyball, 8RXD, EV 102.5 MPH)
David Arzate to third
Runner from 3rd tries for Home, SAFE, no throw by CF
Pitching: LHP Mario Bravo
Batting: LHB Chris Lyle 0-0: Ground out U3 (Groundball, 3, EV 109.4 MPH)
Bottom of the 6th over - 1 run, 2 hits, 0 errors, 1 left on base; Boston 0 - Montreal 5
TOP OF THE 7TH
Boston Red Sox batting - Pitching for Montreal Expos : LHP Omari Blunt
Batting: RHB Vladimir Guerrero Jr. 0-0: Ball
1-0: Ball
2-0: Ball
3-0: Called Strike
3-1: Foul Ball, location: 2F
3-2: Strikes out swinging
Batting: RHB Jon Gill 0-0: Ball
1-0: Ball
2-0: Called Strike
2-1: Foul Ball, location: 2F
2-2: DOUBLE (Line Drive, 9LM, EV 110.0 MPH)
Batting: SHB Ron McCoy 0-0: Fly out, F9 (Flyball, 9, EV 80.6 MPH)
Batting: RHB Jo Adell 0-0: Called Strike
0-1: Ball
1-1: Fly out, F7 (Flyball, 78S, EV 91.3 MPH)
Top of the 7th over - 0 runs, 1 hit, 0 errors, 1 left on base; Boston 0 - Montreal 5
BOTTOM OF THE 7TH
Montreal Expos batting - Pitching for Boston Red Sox : LHP Mario Bravo
Batting: LHB Tony Guerra 0-0: Called Strike
0-1: Ball
1-1: Swinging Strike
1-2: Ball
2-2: Foul Ball, location: 2F
2-2: Strikes out swinging
Batting: LHB Christopher Guzman 0-0: Called Strike
0-1: Foul Ball, location: 23F
0-2: Strikes out swinging
Batting: RHB Jeremy Morris 0-0: Called Strike
0-1: Foul Ball, location: 2F
0-2: Strikes out looking
Bottom of the 7th over - 0 runs, 0 hits, 0 errors, 0 left on base; Boston 0 - Montreal 5
TOP OF THE 8TH
Boston Red Sox batting - Pitching for Montreal Expos : LHP Omari Blunt
Batting: SHB Adael Amador 0-0: DOUBLE (Line Drive, 89D, EV 108.1 MPH)
Pinch Runner at 2nd Steve Anderson:
Batting: LHB Alex Saucedo 0-0: Fly out, F4 (Popup, 34D, EV 54.4 MPH)
Batting: LHB Petey Halpin 0-0: Ball
1-0: Foul Ball, location: 2F
1-1: Ball
2-1: Foul Ball, location: 5FF
2-2: Strikes out swinging
Batting: SHB Reginald Preciado 0-0: Called Strike
0-1: Foul Ball, location: 2F
0-2: Strikes out looking
Top of the 8th over - 0 runs, 1 hit, 0 errors, 1 left on base; Boston 0 - Montreal 5
BOTTOM OF THE 8TH
Montreal Expos batting - Pitching for Boston Red Sox : LHP Mario Bravo
Now at 2B: Steve Anderson
Batting: SHB Keibert Ruiz 0-0: Swinging Strike
0-1: Fly out, F3 (Popup, 3S, EV 72.5 MPH)
Batting: RHB Ben Pratt 0-0: Called Strike
0-1: Fly out, F7 (Flyball, 7D, EV 88.1 MPH)
Batting: RHB Luis Ledesma 0-0: Ball
1-0: Foul Ball, location: 2F
1-1: Ball
2-1: Called Strike
2-2: Foul Ball, location: 2F
2-2: Strikes out swinging
Bottom of the 8th over - 0 runs, 0 hits, 0 errors, 0 left on base; Boston 0 - Montreal 5
TOP OF THE 9TH
Boston Red Sox batting - Pitching for Montreal Expos : LHP Omari Blunt
Batting: LHB Tony Ramos 0-0: Foul Ball, location: 3FF
0-1: Ball
1-1: Ball
2-1: Swinging Strike
2-2: Ball
3-2: Strikes out swinging
Pitching: LHP Josh Lacy
Batting: RHB Vladimir Guerrero Jr. 0-0: Ball
1-0: Ground out 4-3 (Groundball, 4, EV 106.3 MPH)
Batting: RHB Jon Gill 0-0: Ball
1-0: SOLO HOME RUN (Flyball, 9D, EV 95.6 MPH), Distance : 365 ft
Batting: SHB Ron McCoy 0-0: Ground out 4-3 (Groundball, 4, EV 96.3 MPH)
Top of the 9th over - 1 run, 1 hit, 0 errors, 0 left on base; Boston 1 - Montreal 5
Wednesday, March 27th , 2024 - OOTP Baseball 24.11 Build 85